 Dungeon Crawl Stone Soup version 0.21.1-1-g345015f (webtiles) character file.

302 keltmir the Cudgeler (level 6, 0/47 HPs)
             Began as a Demonspawn Gladiator on Mar 21, 2018.
             Was an Initiate of Qazlal.
             Slain by Grinder (7 damage)
             ... on level 3 of the Dungeon.
             The game lasted 00:14:33 (2499 turns).

keltmir the Cudgeler (Demonspawn Gladiator)         Turns: 2499, Time: 00:14:33

Health: 0/47       AC:  4    Str: 16    XL:     6   Next: 14%
Magic:  0/6        EV: 13    Int:  9    God:    Qazlal [......]
Gold:   49         SH:  0    Dex: 15    Spells: 5/5 levels left

rFire    . . .     SeeInvis .   k - +1 mace (drain)
rCold    . . .     Gourm    .   (no shield)
rNeg     . . .     Faith    .   b - +0 leather armour
rPois    .         Spirit   +   c - +0 helmet
rElec    .         Reflect  .   (no cloak)
rCorr    .         Harm     .   (no gloves)
MR       .....                  (no boots)
Stlth    +.........             (no amulet)
HPRegen  0.15/turn              (no ring)
MPRegen  0.10/turn              (no ring)

@: no status effects
A: talons 1, magic shield
a: Renounce Religion


You were on level 3 of the Dungeon.
You worshipped Qazlal.
Qazlal was noncommittal.
You were not hungry.

You visited 1 branch of the dungeon, and saw 3 of its levels.

You collected 49 gold pieces.

Inventory:

Hand Weapons
 a - a +0 flail
 k - a +1 mace of draining (weapon)
Missiles
 d - 3 throwing nets (quivered)
Armour
 b - a +0 leather armour (worn)
 c - a +0 helmet (worn)
 l - a +2 robe of the Archmagi
Jewellery
 i - an uncursed ring of protection from fire {unknown}
Scrolls
 g - a scroll of immolation
 j - a scroll of random uselessness {unknown}
Potions
 h - 2 potions of flight
Comestibles
 f - 2 rations
 m - 3 chunks of flesh


   Skills:
 + Level 3.3 Fighting
 * Level 4.5 Maces & Flails
 - Level 1.7 Throwing
 + Level 2.3 Armour
 + Level 3.6 Dodging


You had 5 spell levels left.
You didn't know any spells.

Dungeon Overview and Level Annotations

Branches:
Dungeon (3/15)

Altars:
Dithmenos
Okawaru
Qazlal
Uskayaw
Wu Jian

Annotations:
D:2 Sigmund
D:3 Grinder


Innate Abilities, Weirdness & Mutations

You have sharp toenails.
When hurt, damage is shared between your health and your magic reserves.


Message History

You hit Grinder. Your kick misses Grinder.
Grinder is almost dead.
Grinder hits you.
You writhe in agony.
* * * LOW HITPOINT WARNING * * *
Grinder hits you!
* * * LOW HITPOINT WARNING * * *
You closely miss Grinder.
Grinder is almost dead.
Grinder hits you but does no damage.
You closely miss Grinder. You claw Grinder, but do no damage.
Grinder is almost dead.
Grinder barely misses you.
You hit Grinder. Your kick misses Grinder.
Grinder is almost dead.
Grinder gestures at you. You resist with significant effort.
You closely miss Grinder. You claw Grinder, but do no damage.
Grinder is almost dead.
Grinder hits you!
You die...

.≈≈≈≈≈≈......#
...≈≈≈)......###
....≈≈...[.....#
..[.≈..........#
....≈.......##.#####
###.#.##..#........#######
##
#.#.##....##.###........
###.####.#.##...5...#
#########
............##.#@##.#
.....<.........<....#
#....##.#..#########
#.........# ###.#.##.##.#
......##.##.#
............####
...............#
......##.#####.#


You could see Grinder.

Vanquished Creatures
  2 howler monkeys (D:2)
  A jelly (D:2)
  Jessica (D:1)
  Natasha (thrice) (D:1)
  An orc wizard (D:2)
  2 adders (D:2)
  An ooze (D:2)
  A worm (D:3)
  2 dart slugs
  A leopard gecko (D:1)
  3 orcs (D:2)
  9 bats
  A giant cockroach (D:2)
  3 goblins
  4 hobgoblins
  3 jackals (D:2)
  A kobold (D:1)
  A quokka (D:2)
  2 frilled lizards (D:2)
  4 rats (D:1)
46 creatures vanquished.

Vanquished Creatures (others)
  An adder (D:3)
  3 orcs (D:3)
  A goblin (D:3)
  A frilled lizard (D:3)
6 creatures vanquished.

Grand Total: 52 creatures vanquished

Notes
Turn   | Place    | Note
-------+----------+-------------------------------------------
     0 | D:1      | keltmir the Demonspawn Gladiator began the quest for the Orb.
     0 | D:1      | Reached XP level 1. HP: 16/16 MP: 1/1
   259 | D:1      | Gained mutation: You have sharp toenails. [demonic ancestry]
   259 | D:1      | Reached XP level 2. HP: 4/22 MP: 2/2
   566 | D:1      | Reached skill level 3 in Maces & Flails
   610 | D:2      | Noticed Jessica
   610 | D:2      | Noticed Natasha
   877 | D:2      | Noticed an ice beast
  1030 | D:1      | Killed Jessica
  1030 | D:1      | Reached skill level 1 in Armour
  1030 | D:1      | Reached XP level 3. HP: 23/28 MP: 3/3
  1087 | D:1      | Killed Natasha
  1087 | D:1      | Gained mutation: When hurt, damage is shared between your health and your magic reserves. [demonic ancestry]
  1087 | D:1      | Reached XP level 4. HP: 32/34 MP: 4/4
  1103 | D:2      | Found a shadowy altar of Dithmenos.
  1103 | D:2      | Found an ornate altar of the Wu Jian Council.
  1142 | D:2      | Found a stormy altar of Qazlal.
  1151 | D:2      | Found a hide-covered altar of Uskayaw.
  1151 | D:2      | Found an iron altar of Okawaru.
  1195 | D:2      | Became a worshipper of Qazlal Stormbringer
  1274 | D:2      | Noticed Sigmund
  1395 | D:1      | Noticed Natasha
  1399 | D:1      | Killed Natasha
  1399 | D:1      | Reached skill level 4 in Maces & Flails
  1399 | D:1      | Reached XP level 5. HP: 33/40 MP: 2/5
  1425 | D:1      | Noticed Natasha
  1433 | D:1      | Killed Natasha
  2132 | D:3      | Noticed Grinder
  2153 | D:2      | Reached XP level 6. HP: 43/47 MP: 4/6
  2485 | D:3      | Paralysed by Grinder for 5 turns
  2499 | D:3      | Slain by Grinder

Skill      XL: |  1  2  3  4  5 |
---------------+----------------+-----
Maces & Flails | 3 4 |  4.5
Armour         | 1 2 |  2.3
Dodging        | 3 |  3.6
Fighting       | 3 |  3.3
Throwing       | |  1.7

Action                   |  1- 3 |  4- 6 || total
-------------------------+-------+-------++-------
Melee: Flail             |    46 |    38 ||    84
       Kick              |    10 |    27 ||    37
       Mace              |       |    48 ||    48
  Use: Scroll            |     1 |     3 ||     4
       Potion            |       |     1 ||     1
  Eat: Chunk             |     1 |     4 ||     5
Armor: Leather armour    |    32 |    38 ||    70
Dodge: Dodged            |    55 |   103 ||   158
